 Dungeon Crawl Stone Soup version 0.28.0-1-gb440e238dd (webtiles) character file.

Game seed: 7847411764312647772

66 croobank the Firebug (level 4, 0/30 HPs)
             Began as a Human Fire Elementalist on Feb 25, 2022.
             Killed from afar by Ijyb (12 damage)
             ... with a puff of flame
             ... on level 3 of the Dungeon.
             The game lasted 00:07:28 (2597 turns).

croobank the Firebug (Human Fire Elementalist)      Turns: 2597, Time: 00:07:28

Health: 0/30       AC:  3    Str:  9    XL:     4   Next: 37%
Magic:  5/7        EV: 12    Int: 17    God:
Gold:   88         SH:  0    Dex: 13    Spells: 1/8 levels left

rFire   . . .      SeeInvis .   g - +0 whip
rCold   . . .      Faith    .   (no shield)
rNeg    . . .      Spirit   .   a - +0 robe
rPois   .          Reflect  .   (no helmet)
rElec   .          Harm     .   d - +0 cloak
rCorr   .          Rampage  .   (no gloves)
Will    .....                   (no boots)
Stlth   ++........              (no amulet)
HPRegen 0.10/turn               (no ring)
MPRegen 0.10/turn               (no ring)

@: no status effects
A: no striking features
a: no special abilities


You were on level 3 of the Dungeon.
You visited 1 branch of the dungeon, and saw 3 of its levels.

You collected 88 gold pieces.

Inventory:

Hand Weapons
 g - a +0 whip (weapon)
 m - a +0 flail
Missiles
 b - 52 bolts
 c - 3 throwing nets
 e - 48 arrows
 l - 70 stones
Armour
 a - a +0 robe (worn)
 d - a +0 cloak (worn)
 f - a +0 ring mail
 h - a scarf of invisibility
Scrolls
 i - a scroll of identify {unknown}
 j - a scroll of teleportation {unknown}
 k - a scroll of vulnerability {unknown}


   Skills:
 + Level 2.5 Dodging
 + Level 2.6 Stealth
 + Level 2.5 Spellcasting
 + Level 1.8 Conjurations
 + Level 3.4 Fire Magic


You had one spell level left.
You knew the following spells:

 Your Spells              Type           Power      Damage    Failure   Level
a - Foxfire               Conj/Fire      44%        2x1d6     6%          1
b - Scorch                Fire           26%        2d6       7%          2
c - Flame Wave            Conj/Fire      11%        2d5       52%         4

Your spell library contained the following spells:

 Spells                   Type           Power      Damage    Failure   Level
 Conjure Flame            Conj/Fire      11%        6-21      19%         3
 Inner Flame              Hex/Fire       7%         N/A       26%         3
 Ensorcelled Hibernation  Hex/Ice        4%         N/A       28%         2
 Passwall                 Tmut/Erth      1%         N/A       28%         2
 Spider Form              Tmut/Pois      2%         N/A       50%         3
 Swiftness                Air            2%         N/A       50%         3
 Anguish                  Hex/Necr       1%         N/A       88%         4


Dungeon Overview and Level Annotations

Branches:
Dungeon (3/15)

Altars:

Annotations:
D:3 Ijyb


Message History

The foxfire hits the hobgoblin but does no damage.
Casting: Foxfire (safe; 6% risk of failure)
Confirm with . or Enter, or press ? or * to list all spells.
Flames lash the hobgoblin.
The hobgoblin is almost dead.
The hobgoblin's fire resistance burns away.
The foxfire hits the hobgoblin.
The hobgoblin is burned terribly!
You kill the hobgoblin!
You see here a hobgoblin corpse.
You now have 88 gold pieces (gained 8).
Done exploring.
Done exploring.
(D) Dungeon
Where to? (Enter - D:2, ? - help)
You see here a hobgoblin corpse.
There is a stone staircase leading down here.
You climb downwards.
There is a stone staircase leading up here.
Ijyb the Twisted Goblin comes into view.
She is wielding a +0 club and carrying a wand of flame (24).
Ijyb shouts!
You hear a shout! x2
Ijyb moves out of view.
Found an escape hatch in the floor.
Ijyb screams, "I cut your head off!"
Ijyb zaps a wand.
The puff of flame hits you.
Ijyb zaps a wand.
The puff of flame misses you.
Ijyb zaps a wand.
The puff of flame hits you!
You aren't carrying any potions.
Okay, then.
You open the door.
Ijyb is nearby!
Ijyb zaps a wand.
The puff of flame hits you!
Casting: Scorch (safe; 7% risk of failure)
Confirm with . or Enter, or press ? or * to list all spells.
Flames lash Ijyb.
Ijyb is lightly wounded.
Ijyb's fire resistance burns away.
You hear a shout!
An orc comes into view. It is wielding a +0 club.
Ijyb zaps a wand.
The puff of flame hits you!
You die...

###### ....###
#....# #....###
#....'.#
#.###....#.###.#
#..........@...#
######....g...###
#.............#
##.###........#
#.# #.#.#..#....
#.#...#.#..#.###
#.#.###.......
#.#. ..o...>##
#.# .......#


You could see Ijyb (combustible) and an orc.

Vanquished Creatures
  2 adders (D:2)
  A worm (D:2)
  2 dart slugs
  5 ball pythons
  6 bats
  5 endoplasms
  A giant cockroach (D:2)
  6 hobgoblins
  3 jackals
  A frilled lizard (D:2)
  A goblin (D:2)
  3 kobolds
  A rat (D:2)
37 creatures vanquished.

Vanquished Creatures (others)
  89 foxfires
  A plant (D:2)
90 creatures vanquished.

Grand Total: 127 creatures vanquished

Notes
Turn   | Place    | Note
-------+----------+-------------------------------------------
     0 | D:1      | croobank the Human Fire Elementalist began the quest for
                  | the Orb.
     0 | D:1      | Reached XP level 1. HP: 13/13 MP: 3/3
   744 | D:1      | Reached XP level 2. HP: 19/19 MP: 1/5
   747 | D:1      | Learned a level 2 spell: Scorch
  1346 | D:2      | Reached XP level 3. HP: 24/24 MP: 3/6
  1449 | D:2      | HP: 1/24 [worm (9)]
  1890 | D:2      | Reached XP level 4. HP: 14/30 MP: 1/7
  2199 | D:2      | Found a faded altar of an unknown god.
  2334 | D:2      | Learned a level 4 spell: Flame Wave
  2587 | D:3      | Noticed Ijyb
  2597 | D:3      | Killed from afar by Ijyb

Illustrated notes

Levels and vault maps discovered:
D:1:      dpeg_arrival_refuge, layout_basic
D:2:      cheibrodos_old_hovel, layout_basic,
          dreamdust_ecumenical_altar_angels_and_demons
D:3:      layout_basic, uniq_natasha, uniq_crazy_yiuf_cottage, uniq_ijyb

Action                   |  1- 3 |  4- 6 || total
-------------------------+-------+-------++-------
Melee: Unarmed           |    11 |       ||    11
       Whip              |     8 |       ||     8
 Cast: Foxfire           |    45 |    12 ||    57
       Scorch            |     5 |     5 ||    10
Armor: Robe              |    14 |       ||    14
Dodge: Dodged            |    33 |     2 ||    35
